 Dungeon Crawl Stone Soup version 0.20-a0-277-g7db01f4 (webtiles) character file.

41 FitzyFitz the Magician (level 3, -3/17 HPs)
             Began as a Spriggan Transmuter on Dec 12, 2016.
             Slain by an adder (4 damage)
             ... on level 2 of the Dungeon.
             The game lasted 00:03:21 (2125 turns).

FitzyFitz the Magician (Spriggan Transmuter)        Turns: 2125, Time: 00:03:22

Health: -3/17      AC:  2    Str:  6    XL:     3   Next: 32%
Magic:  3/9        EV: 16    Int: 15    God:
Gold:   109        SH:  0    Dex: 16    Spells: 6/9 levels left

rFire  . . .     SeeInvis +       - Unarmed
rCold  . . .     Gourm    .     b - +0 robe
rNeg   . . .     Faith    .     (shield restricted)
rPois  .         Spirit   .     (helmet restricted)
rElec  .         Reflect  .     (no cloak)
rCorr  .         Harm     .     (gloves unavailable)
MR     .....                    (boots unavailable)
Stlth  +.........               (no amulet)
                                (no ring)
                                (no ring)

@: lethally poisoned (-3 -> -14), heavily drained, very quick
A: unfitting armour, see invisible, herbivore 3, speed 3, slow metabolism 2
a: no special abilities


You were on level 2 of the Dungeon.
You were not hungry.

You visited 1 branch of the dungeon, and saw 2 of its levels.

You collected 109 gold pieces.

Inventory:

Hand Weapons
 p - a +0 dagger
Missiles
 a - 7 arrows
 f - 8 tomahawks (quivered)
 s - a throwing net
Armour
 b - a +0 robe (worn)
Jewellery
 q - an uncursed amulet of harm
Scrolls
 g - 3 scrolls of remove curse {unknown}
 h - 2 scrolls of noise {unknown}
 k - a scroll of immolation {unknown}
 m - a scroll of blinking {unknown}
 n - a scroll of fear {unknown}
 o - a scroll of enchant armour {unknown}
Potions
 e - 3 potions of curing
 i - a potion of agility {unknown}
 j - 2 potions of cancellation {unknown}
 l - a potion of flight {unknown}
 r - a potion of invisibility {unknown}
 t - a potion of lignification {unknown}
Books
 c - a book of Changes

   Spells                             Type                      Level
   a - Beastly Appendage              Transmutation                1
   b - Sticks to Snakes               Transmutation                2
   c - Spider Form                    Transmutation/Poison         3
   d - Ice Form                       Ice/Transmutation            4
   e - Blade Hands                    Transmutation                5
Comestibles
 d - a bread ration


   Skills:
 - Level 0.7(0.0) Fighting
 - Level 3.0(1.4) Dodging
 + Level 3.0(1.4) Unarmed Combat
 + Level 3.9(2.3) Spellcasting
 - Level 2.6(1.1) Transmutations


You had 6 spell levels left.
You knew the following spells:

 Your Spells              Type           Power        Failure   Level  Hunger
a - Beastly Appendage     Tmut           #.....       14%         1    #......
b - Sticks to Snakes      Tmut           #.......     21%         2    ###....


Dungeon Overview and Level Annotations

Branches:
Dungeon (2/15)

Altars:
Fedhas


Innate Abilities, Weirdness & Mutations

You are very small and have problems with some larger weapons.
You are too small for most types of armour.
You have supernaturally acute eyesight. (SInv)
You are a herbivore.
You cover ground extremely quickly.
You need consume almost no food.


Message History

The adder poisons you!
You hit the adder.
The adder is lightly wounded.
You feel sick. The adder closely misses you.
Your ball python barely misses the adder.
Your ball python grabs the adder.
Your ball python constricts the adder.
The adder bites you.
* * * LOW HITPOINT WARNING * * *
The giant cockroach closely misses you.
You hit the adder.
The adder is heavily wounded.
* * * LOW HITPOINT WARNING * * *
You feel sick. The adder misses you.
Your ball python barely misses the adder.
Your ball python constricts the adder.
The giant cockroach closely misses you.
You hit the giant cockroach but do no damage.
The giant cockroach is almost dead.
* * * LOW HITPOINT WARNING * * *
You feel sick. The adder bites you.
You die...

#.......#....##......#.....
###.....#....##...>..#.....
#.....####.##......#.....
#.....####.##............
#..........########.#####
##+#.......# #.# #
###.........## #.# #
##.......Ss...# ##'## #
#........S@#### #...# #
#..........# #...# #
#..........# #...# #
#..........### #...# #
#............# #...####
#............# #...+...
#............#######...####
#####.............##...#...
#.............#####....


You could see an adder, a giant cockroach and a friendly ball python.

Vanquished Creatures
  A worm (D:2)
  2 dart slugs (D:1)
  2 leopard geckos
  A giant cockroach (D:1)
  A goblin (D:1)
  4 hobgoblins
  4 jackals (D:1)
  2 kobolds
  2 ball pythons
  2 bats (D:1)
  3 frilled lizards (D:1)
  A rat (D:2)
25 creatures vanquished.

Vanquished Creatures (collateral kills)
  An adder (D:1)
1 creature vanquished.

Grand Total: 26 creatures vanquished

Notes
Turn   | Place    | Note
-------+----------+-------------------------------------------
     0 | D:1      | FitzyFitz the Spriggan Transmuter began the quest for the Orb.
     0 | D:1      | Reached XP level 1. HP: 9/9 MP: 5/5
     6 | D:1      | Noticed an anaconda
     6 | D:1      | Noticed a wolf
     7 | D:1      | Noticed a worker ant
     7 | D:1      | Noticed a seven-headed hydra
   462 | D:1      | Reached XP level 2. HP: 14/14 MP: 7/7
  1044 | D:1      | Learned a level 2 spell: Sticks to Snakes
  1053 | D:1      | Reached XP level 3. HP: 13/17 MP: 6/9
  1088 | D:2      | Found a blossoming altar of Fedhas.
  2125 | D:2      | Slain by an adder

Vault maps used:
D:1:      onia_arrival_zoo_common, hex_large
D:2:      fedhas_altar_1

Skill      XL: |  1  2  3 |
---------------+----------+-----
Spellcasting   | 3 |  3.9
Unarmed Combat | 3 |  3.0
Fighting       | |  0.7
Dodging        | |  3.0
Transmutations | |  2.6

Action                   || total
-------------------------++-------
Melee: Unarmed           ||   148
       Headbutt          ||     2
 Cast: Sticks to Snakes  ||     5
       Beastly Appendage ||     1
 Stab: Sleeping          ||     2
       Distracted        ||     1
Armor: Robe              ||     9
Dodge: Dodged            ||   110
